TOP OF THE 1ST |
Los Angeles (NYP) Angels batting - Pitching for Chicago (NYP) White Sox : LHP Wang Jing
|
Pitching: LHP Wang Jing
|
|
Batting: RHB Greg Burdine
|
0-0: Ball 1-0: Swinging Strike 1-1: Swinging Strike 1-2: Ball 2-2: Ball 3-2: Base on Balls
|
Batting: RHB Tristan Lewis
|
0-0: Ball 1-0: Ball 2-0: Ball 3-0: Called Strike 3-1: Foul Ball, location: 2F 3-2: Ground out 6-3 (Groundball, 6S, EV 68.8 MPH) Greg Burdine to second
|
Batting: RHB Randy Grewe
|
0-0: Ball 1-0: Foul Ball, location: 2F 1-1: Called Strike 1-2: Strikes out looking
|
Batting: RHB Jon Griffin
|
0-0: Swinging Strike 0-1: Ball 1-1: Fly out, F9 (Flyball, 9LM, EV 90.0 MPH)
|
Top of the 1st over - 0 runs, 0 hits, 0 errors, 1 left on base; Los Angeles (NYP) 0 - Chicago (NYP) 0 |
BOTTOM OF THE 1ST |
Chicago (NYP) White Sox batting - Pitching for Los Angeles (NYP) Angels : RHP Nick Madrid
|
Pitching: RHP Nick Madrid
|
|
Batting: RHB Dusty Ballard
|
0-0: Ball 1-0: Ground out 4-3 (Groundball, 4, EV 85.6 MPH)
|
Batting: LHB Ray Walden
|
0-0: Ball 1-0: Called Strike 1-1: Called Strike 1-2: Strikes out looking
|
Batting: LHB Angel Tellez
|
0-0: Fly out, F9 (Flyball, 9D, EV 102.5 MPH)
|
Bottom of the 1st over - 0 runs, 0 hits, 0 errors, 0 left on base; Los Angeles (NYP) 0 - Chicago (NYP) 0 |
TOP OF THE 2ND |
Los Angeles (NYP) Angels batting - Pitching for Chicago (NYP) White Sox : LHP Wang Jing
|
Batting: SHB Roger Payne
|
0-0: Ground out 5-3 (Groundball, 56, EV 83.1 MPH)
|
Batting: RHB Pat Crawley
|
0-0: Foul Ball, location: 2F 0-1: Ball 1-1: Ball 2-1: Called Strike 2-2: Strikes out swinging
|
Batting: RHB John Beddow
|
0-0: Ball 1-0: Ground out U3 (Groundball, 3, EV 75.6 MPH)
|
Top of the 2nd over - 0 runs, 0 hits, 0 errors, 0 left on base; Los Angeles (NYP) 0 - Chicago (NYP) 0 |
BOTTOM OF THE 2ND |
Chicago (NYP) White Sox batting - Pitching for Los Angeles (NYP) Angels : RHP Nick Madrid
|
Batting: RHB Justin Usner
|
0-0: Called Strike 0-1: Ball 1-1: Ball 2-1: Foul Ball, location: 2F 2-2: Ground out U3 (Groundball, 3S, EV 69.4 MPH)
|
Batting: LHB Brandon Hopper
|
0-0: Called Strike 0-1: Called Strike 0-2: Ball 1-2: Ground out U3 (Groundball, 34, EV 83.1 MPH)
|
Batting: RHB Jeremy Hoffert
|
0-0: Swinging Strike 0-1: Called Strike 0-2: Ball 1-2: Ball 2-2: Strikes out swinging
|
Bottom of the 2nd over - 0 runs, 0 hits, 0 errors, 0 left on base; Los Angeles (NYP) 0 - Chicago (NYP) 0 |
TOP OF THE 3RD |
Los Angeles (NYP) Angels batting - Pitching for Chicago (NYP) White Sox : LHP Wang Jing
|
Batting: RHB David Kunze
|
0-0: Ball 1-0: Called Strike 1-1: Called Strike 1-2: Strikes out swinging
|
Batting: RHB D.J. Martinez
|
0-0: Ball 1-0: Swinging Strike 1-1: Ball 2-1: Ground out 6-3 (Groundball, 6, EV 88.8 MPH)
|
Batting: RHB Greg Burdine
|
0-0: Ball 1-0: Foul Ball, location: 2F 1-1: Ball 2-1: Called Strike 2-2: Ground out 3-1 (Groundball, 13, EV 82.5 MPH)
|
Top of the 3rd over - 0 runs, 0 hits, 0 errors, 0 left on base; Los Angeles (NYP) 0 - Chicago (NYP) 0 |
BOTTOM OF THE 3RD |
Chicago (NYP) White Sox batting - Pitching for Los Angeles (NYP) Angels : RHP Nick Madrid
|
Batting: LHB Jason Bell
|
0-0: Foul Ball, location: 2F 0-1: Swinging Strike 0-2: Ball 1-2: DOUBLE (Flyball, 8RXD, EV 96.3 MPH)
|
Batting: RHB Zachary Anderson
|
0-0: Ball 1-0: SINGLE (Line Drive, 3D, EV 93.8 MPH) Jason Bell to third
|
Batting: SHB Jason Bresnahan
|
0-0: Called Strike 0-1: Ball 1-1: Ball 2-1: Fly out, F6 (Popup, 6D, EV 52.5 MPH)
|
Batting: RHB Dusty Ballard
|
0-0: Ball 1-0: Ball 2-0: Foul Ball, location: 2F 2-1: Ball 3-1: Foul Ball, location: 2F 3-2: SINGLE (Line Drive, 9S, EV 91.9 MPH) Jason Bell scores Zachary Anderson to second Zachary Anderson to third
|
Batting: LHB Ray Walden
|
0-0: Called Strike Dusty Ballard is caught stealing 2nd base 2-6 0-1: Ball 1-1: Called Strike 1-2: Ball 2-2: Ball Wild Pitch! Zachary Anderson scores 3-2: Strikes out swinging
|
Bottom of the 3rd over - 2 runs, 3 hits, 0 errors, 0 left on base; Los Angeles (NYP) 0 - Chicago (NYP) 2 |
TOP OF THE 4TH |
Los Angeles (NYP) Angels batting - Pitching for Chicago (NYP) White Sox : LHP Wang Jing
|
Batting: RHB Tristan Lewis
|
0-0: Ball 1-0: Called Strike 1-1: Swinging Strike 1-2: Strikes out swinging
|
Batting: RHB Randy Grewe
|
0-0: Swinging Strike 0-1: Swinging Strike 0-2: Strikes out swinging
|
Batting: RHB Jon Griffin
|
0-0: Ball 1-0: Ball 2-0: Called Strike 2-1: Called Strike 2-2: Strikes out looking
|
Top of the 4th over - 0 runs, 0 hits, 0 errors, 0 left on base; Los Angeles (NYP) 0 - Chicago (NYP) 2 |
BOTTOM OF THE 4TH |
Chicago (NYP) White Sox batting - Pitching for Los Angeles (NYP) Angels : RHP Nick Madrid
|
Batting: LHB Angel Tellez
|
0-0: Ground out 4-3 (Groundball, 4, EV 80.6 MPH)
|
Batting: RHB Justin Usner
|
0-0: Called Strike 0-1: Ball 1-1: Ground out 6-3 (Groundball, 6, EV 90.0 MPH)
|
Batting: LHB Brandon Hopper
|
0-0: Swinging Strike 0-1: Ball 1-1: Foul Ball, location: 2F 1-2: Ball 2-2: Strikes out swinging
|
Bottom of the 4th over - 0 runs, 0 hits, 0 errors, 0 left on base; Los Angeles (NYP) 0 - Chicago (NYP) 2 |
TOP OF THE 5TH |
Los Angeles (NYP) Angels batting - Pitching for Chicago (NYP) White Sox : LHP Wang Jing
|
Batting: SHB Roger Payne
|
0-0: Ball 1-0: Ball 2-0: Ball 3-0: Base on Balls
|
Batting: RHB Pat Crawley
|
0-0: Foul Ball, location: 2F 0-1: Ball 1-1: Called Strike 1-2: Foul Ball, location: 2F 1-2: Fielders Choice at 2nd, 3-6 (Groundball, 34, EV 103.1 MPH)
|
Batting: RHB John Beddow
|
0-0: Ball 1-0: Grounds into double play, 6-4-3 (Groundball, 6, EV 86.3 MPH)
|
Top of the 5th over - 0 runs, 0 hits, 0 errors, 0 left on base; Los Angeles (NYP) 0 - Chicago (NYP) 2 |
BOTTOM OF THE 5TH |
Chicago (NYP) White Sox batting - Pitching for Los Angeles (NYP) Angels : RHP Nick Madrid
|
Batting: RHB Jeremy Hoffert
|
0-0: Ball 1-0: Ball 2-0: Ball 3-0: Base on Balls
|
Batting: LHB Jason Bell
|
0-0: Ball Jeremy Hoffert is caught stealing 2nd base 2-6 1-0: Ball 2-0: Called Strike 2-1: Swinging Strike 2-2: Foul Ball, location: 2F 2-2: Strikes out looking
|
Batting: RHB Zachary Anderson
|
0-0: Ball 1-0: SINGLE (Groundball, 6MD, EV 104.4 MPH)
|
Batting: SHB Jason Bresnahan
|
0-0: Fielders Choice at 2nd, 6-4 (Groundball, 6, EV 82.5 MPH)
|
Bottom of the 5th over - 0 runs, 1 hit, 0 errors, 1 left on base; Los Angeles (NYP) 0 - Chicago (NYP) 2 |
TOP OF THE 6TH |
Los Angeles (NYP) Angels batting - Pitching for Chicago (NYP) White Sox : LHP Wang Jing
|
Batting: RHB David Kunze
|
0-0: Called Strike 0-1: Ball 1-1: Ball 2-1: Ball 3-1: Base on Balls
|
Batting: RHB D.J. Martinez
|
0-0: Foul Ball, location: 2F 0-1: Ball 1-1: Called Strike 1-2: Foul Ball, location: 2F 1-2: Ball 2-2: Strikes out swinging
|
Batting: RHB Greg Burdine
|
0-0: Called Strike 0-1: Called Strike 0-2: Ball 1-2: Ball 2-2: Grounds into double play, 3-6-1 (Groundball, 34, EV 89.4 MPH)
|
Top of the 6th over - 0 runs, 0 hits, 0 errors, 0 left on base; Los Angeles (NYP) 0 - Chicago (NYP) 2 |
BOTTOM OF THE 6TH |
Chicago (NYP) White Sox batting - Pitching for Los Angeles (NYP) Angels : RHP Nick Madrid
|
Batting: RHB Dusty Ballard
|
0-0: DOUBLE (Line Drive, 89XD, EV 103.1 MPH)
|
Batting: LHB Ray Walden
|
0-0: Called Strike 0-1: Ball 1-1: Called Strike Dusty Ballard is caught stealing 3rd base 2-5 1-2: Ground out 6-3 (Groundball, P, EV 81.3 MPH)
|
Batting: LHB Angel Tellez
|
0-0: Ball 1-0: Ball 2-0: Fly out, F8 (Flyball, 8LD, EV 111.3 MPH)
|
Bottom of the 6th over - 0 runs, 1 hit, 0 errors, 0 left on base; Los Angeles (NYP) 0 - Chicago (NYP) 2 |
TOP OF THE 7TH |
Los Angeles (NYP) Angels batting - Pitching for Chicago (NYP) White Sox : LHP Wang Jing
|
Batting: RHB Tristan Lewis
|
0-0: Fly out, F5 (Popup, 25, EV 83.8 MPH)
|
Batting: RHB Randy Grewe
|
0-0: Ball 1-0: Foul Ball, location: 2F 1-1: Ball 2-1: Called Strike 2-2: Ball 3-2: Base on Balls
|
Batting: RHB Jon Griffin
|
0-0: Called Strike 0-1: Ball 1-1: Called Strike 1-2: Fly out, F8 (Line Drive, 8LD, EV 92.5 MPH)
|
Batting: SHB Roger Payne
|
0-0: Ball 1-0: Called Strike 1-1: Called Strike 1-2: SINGLE (Groundball, 6MD, EV 103.8 MPH) Randy Grewe to second Runner from 2nd tries for 3rd, SAFE, throw by CF made to third
|
Pitching: RHP Jose Leal
|
|
Batting: RHB Pat Crawley
|
0-0: Ball 1-0: Fielders Choice at 2nd, 6-4 (Groundball, 6, EV 80.6 MPH)
|
Top of the 7th over - 0 runs, 1 hit, 0 errors, 2 left on base; Los Angeles (NYP) 0 - Chicago (NYP) 2 |
BOTTOM OF THE 7TH |
Chicago (NYP) White Sox batting - Pitching for Los Angeles (NYP) Angels : RHP Nick Madrid
|
Batting: RHB Justin Usner
|
0-0: Called Strike 0-1: Foul Ball, location: 2F 0-2: Ground out 6-3 (Groundball, 6, EV 87.5 MPH)
|
Batting: LHB Brandon Hopper
|
0-0: Ball 1-0: SINGLE (Line Drive, 6M, EV 94.4 MPH)
|
Pitching: RHP Joe Schuler
|
|
Batting: RHB Jeremy Hoffert
|
0-0: Ball 1-0: Foul Ball, location: 2F 1-1: Fly out, F9 (Line Drive, 9, EV 93.1 MPH)
|
Batting: LHB Jason Bell
|
0-0: Ground out 4-3 (Groundball, 4, EV 90.6 MPH)
|
Bottom of the 7th over - 0 runs, 1 hit, 0 errors, 1 left on base; Los Angeles (NYP) 0 - Chicago (NYP) 2 |
TOP OF THE 8TH |
Los Angeles (NYP) Angels batting - Pitching for Chicago (NYP) White Sox : RHP Jose Leal
|
Batting: RHB John Beddow
|
0-0: Called Strike 0-1: Swinging Strike 0-2: Ball 1-2: Strikes out swinging
|
Batting: RHB David Kunze
|
0-0: Ground out 6-3 (Groundball, 6M, EV 85.6 MPH)
|
Batting: RHB D.J. Martinez
|
0-0: Ball 1-0: Ball 2-0: Ball 3-0: Base on Balls
|
Batting: RHB Greg Burdine
|
0-0: Called Strike Balk! D.J. Martinez to second 0-1: Ball 1-1: Ground out 1-3 (Groundball, P, EV 67.5 MPH)
|
Top of the 8th over - 0 runs, 0 hits, 0 errors, 1 left on base; Los Angeles (NYP) 0 - Chicago (NYP) 2 |
BOTTOM OF THE 8TH |
Chicago (NYP) White Sox batting - Pitching for Los Angeles (NYP) Angels : RHP Joe Schuler
|
Batting: RHB Zachary Anderson
|
0-0: Ground out 6-3 (Groundball, 56, EV 105.0 MPH)
|
Batting: SHB Jason Bresnahan
|
0-0: Called Strike 0-1: Ball 1-1: Swinging Strike 1-2: Foul Ball, location: 2F 1-2: Foul Ball, location: 2F 1-2: Ball 2-2: Foul Ball, location: 2F 2-2: Strikes out swinging
|
Batting: RHB Dusty Ballard
|
0-0: Foul Ball, location: 2F 0-1: Ball 1-1: Ball 2-1: Called Strike 2-2: Strikes out swinging
|
Bottom of the 8th over - 0 runs, 0 hits, 0 errors, 0 left on base; Los Angeles (NYP) 0 - Chicago (NYP) 2 |
TOP OF THE 9TH |
Los Angeles (NYP) Angels batting - Pitching for Chicago (NYP) White Sox : RHP Jose Leal
|
Pitching: RHP John Childress
|
|
Now at 1B: Osvaldo Corunha
|
|
Now at 3B: Sal Chavira
|
|
Now in LF: Emil Wilbrink
|
|
Now in RF: Angel Tellez
|
|
Batting: RHB Tristan Lewis
|
0-0: Ball 1-0: Called Strike 1-1: Called Strike 1-2: Fly out, F8 (Flyball, 8RM, EV 90.6 MPH)
|
Batting: RHB Randy Grewe
|
0-0: Called Strike 0-1: Foul Ball, location: 2F 0-2: Strikes out looking
|
Batting: RHB Jon Griffin
|
0-0: Ball 1-0: Ball 2-0: Ground out 6-3 (Groundball, 56, EV 101.9 MPH)
|
Top of the 9th over - 0 runs, 0 hits, 0 errors, 0 left on base; Los Angeles (NYP) 0 - Chicago (NYP) 2 |
|